 Dungeon Crawl Stone Soup version 0.20-a0-633-gff4aa5c (console) character file.

53 Dingbat the Chiller (level 3, -3/24 HPs)
             Began as a Merfolk Ice Elementalist on Feb 12, 2017.
             Slain by a worm (11 damage)
             ... on level 2 of the Dungeon.
             The game lasted 00:04:15 (2023 turns).

Dingbat the Chiller (Merfolk Ice Elementalist)      Turns: 2023, Time: 00:04:17

Health: -3/24      AC:  2    Str:  8    XL:     3   Next: 87%
Magic:  4/7        EV: 13    Int: 15    God:
Gold:   136        SH:  0    Dex: 14    Spells: 2/8 levels left

rFire    + . .     SeeInvis .   d - +0 spear
rCold    . . .     Gourm    .   a - +0 robe
rNeg     . . .     Faith    .   (no shield)
rPois    .         Spirit   .   (no helmet)
rElec    .         Reflect  .   (no cloak)
rCorr    .         Harm     .   (no gloves)
MR       .....                  (no boots)
Stlth    ++........             (no amulet)
Regen    0.1/turn               (no ring)
                                k - ring of protection from fire

@: no status effects
A: change form in water, swift swim, stealthy swim
a: no special abilities


You were on level 2 of the Dungeon.
You were not hungry.

You visited 1 branch of the dungeon, and saw 2 of its levels.

You collected 136 gold pieces.

Inventory:

Hand Weapons
 d - a +0 spear (weapon)
Missiles
 g - 44 stones (quivered)
Armour
 a - a +0 robe (worn)
Jewellery
 k - a ring of protection from fire (left hand)
Scrolls
 i - a scroll of amnesia
Potions
 e - a potion of haste
 h - a potion of mutation
 l - a potion of lignification {unknown}
 m - a potion of curing {unknown}
Books
 b - a book of Frost

   Spells                             Type                      Level
   a - Freeze                         Ice                          1
   b - Throw Frost                    Conjuration/Ice              2
   c - Ozocubu's Armour               Charms/Ice                   3
   d - Throw Icicle                   Conjuration/Ice              4
   e - Summon Ice Beast               Ice/Summoning                4
Comestibles
 c - a bread ration
 f - 2 royal jellies
 j - a meat ration


   Skills:
 + Level 1.5 Polearms
 - Level 2.6 Dodging
 - Level 2.1 Stealth
 + Level 3.0 Spellcasting
 - Level 0.7 Conjurations
 - Level 4.0 Ice Magic


You had 2 spell levels left.
You knew the following spells:

 Your Spells              Type           Power        Failure   Level  Hunger
a - Freeze                Ice            ##..         4%          1    #......
b - Throw Frost           Conj/Ice       #.....       12%         2    ##.....
c - Ozocubu's Armour      Chrm/Ice       #.......     30%         3    ###....


Dungeon Overview and Level Annotations

Branches:
Dungeon (2/15)

Altars:
Qazlal
Trog
The Shining One

Annotations:
D:1 exclusion: downstairs


Message History

Aiming: Freeze
Press: ? - help, Shift-Dir - straight line, f/p - worm
Aim: a worm (lightly wounded)
You freeze the worm.
The worm is moderately wounded.
The worm bites you.
You hit the worm but do no damage.
The worm is moderately wounded.
You hit the worm but do no damage.
The worm is moderately wounded.
The worm bites you!
Casting: Freeze
Confirm with . or Enter, or press ? or * to list all spells.
Aiming: Freeze
Press: ? - help, Shift-Dir - straight line, f/p - worm
Aim: a worm (moderately wounded)
You freeze the worm.
The worm is moderately wounded.
The worm bites you!
You die...

#.# #.# #.# # # #.#
.###. #.# #.#. #.#
#..# #w# #..# #@#
#..# ##
#.#####..####.# ⌠#
#%............#
.##########
#######..########
.#........#
#.........#
.########.#
#########..######.#
## #.#
#...<......######.#
## #.#
#.#######..##.....#
.########.## #.#
###..#..#####


You could see a worm.

Vanquished Creatures
  A gnoll (D:1)
  An adder (D:2)
  2 worms (D:2)
  A dart slug (D:1)
  2 bats (D:1)
  A giant cockroach (D:1)
  4 goblins
  2 hobgoblins (D:1)
  3 jackals (D:1)
  5 kobolds (D:1)
  A ball python (D:1)
  A frilled lizard (D:1)
  3 rats (D:1)
27 creatures vanquished.

Notes
Turn   | Place    | Note
-------+----------+-------------------------------------------
     0 | D:1      | Dingbat the Merfolk Ice Elementalist began the quest for the Orb.
     0 | D:1      | Reached XP level 1. HP: 13/13 MP: 3/3
   229 | D:1      | Reached XP level 2. HP: 10/19 MP: 5/5
   681 | D:2      | Reached XP level 3. HP: 17/24 MP: 1/7
   840 | D:2      | Learned a level 2 spell: Throw Frost
   844 | D:2      | Learned a level 3 spell: Ozocubu's Armour
   915 | D:2      | Found a stormy altar of Qazlal.
   925 | D:2      | Found a glowing golden altar of the Shining One.
   927 | D:2      | Found a bloodstained altar of Trog.
   990 | D:2      | Reached skill level 4 in Ice Magic
  1713 | D:1      | Reached skill level 1 in Polearms
  2023 | D:2      | Slain by a worm

Vault maps used:
D:1:      onia_arrival_larder, serial_forest, infiniplex_forest_clump_C,
          infiniplex_forest_lined_2, infiniplex_forest_lined_4_way,
          infiniplex_forest_clump_long, infiniplex_forest_lined_4_way,
          infiniplex_forest_lined_2, infiniplex_forest_clump_cross
D:2:      okawaru_trees_1, minitemple

Skill      XL: |  1  2  3 |
---------------+----------+-----
Ice Magic      | 4 |  4.0
Polearms       | 1 |  1.5
Spellcasting   | 3 |  3.0
Dodging        | |  2.6
Stealth        | |  2.1
Conjurations   | |  0.7

Action                   || total
-------------------------++-------
Melee: Spear             ||    55
 Cast: Freeze            ||    38
  Use: Scroll            ||     5
 Stab: Sleeping          ||     2
  Eat: Chunk             ||     4
Armor: Robe              ||    12
Dodge: Dodged            ||    49
